[Event "Titled Tuesday Blitz July 26 Late 2022"]
[White "Abdrlauf, Elham"]
[Black "Goncalves, Davi Sulzbacher"]
[WhiteFideId "1533533"]
[BlackFideId "2154510"]
[WhiteElo "2429"]
[BlackElo "2107"]
[Result "1-0"]
[Round "01"]
[TimeControl "180+1"]
[Date "2022.07.26"]
[WhiteClock "0:00:46"]
[BlackClock "0:00:03"]

1. e4 c5 2. Ne2 Nc6 3. d4 cxd4 4. Nxd4 Nf6 5. Nc3 e5 6. Nde2 Bb4 7. a3 Ba5 8. b4 Bb6 9. Qd6 Qe7 10. Qxe7+ Nxe7 11. Bg5 a5 12. b5 d5 13. Bxf6 gxf6 14. Nxd5 Nxd5 15. exd5 Bf5 16. c4 Rc8 17. Rc1 Ke7 18. Ng3 Bd7 19. Bd3 Bxb5 20. Ke2 Ba6 21. Nf5+ Kd7 22. f3 Bc5 23. a4 Bb4 24. Ng3 Rc7 25. Rc2 Rhc8 26. Bf5+ Ke7 27. Bxc8 Rxc8 28. Kd3 Rc5 29. Nf5+ Kd7 30. Ne3 Rc8 31. g4 Bc5 32. Rb1 Rh8 33. Rcb2 h5 34. Rxb7+ Bxb7 35. Rxb7+ Kc8 36. Rxf7 hxg4 37. Nxg4 Bg1 38. Rxf6 Bxh2 39. Ra6 Kb7 40. Rxa5 Bf4 41. Rb5+ Ka6 42. c5 Rh1 43. Ke4 Re1+ 44. Kf5 Bd2 45. d6 Ba5 46. c6 Rd1 47. c7 Rc1 48. Nxe5 Rc3 49. Ke6 Bxc7 50. dxc7 Rc6+ 51. Kd7 1-0


[Site "https://www.chess.com"]

[Event "Titled Tuesday Blitz July 26 Late 2022"]
[White "Altun, Arda"]
[Black "Nagy, Gabor"]
[WhiteFideId "34511580"]
[BlackFideId "737119"]
[WhiteElo "1832"]
[BlackElo "2530"]
[Result "0-1"]
[Round "01"]
[TimeControl "180+1"]
[Date "2022.07.26"]
[WhiteClock "0:00:18"]
[BlackClock "0:01:06"]

1. e4 g6 2. d4 Bg7 3. Nc3 d6 4. Be3 a6 5. h4 h5 6. Nh3 Bxh3 7. Rxh3 Nd7 8. f3 Ngf6 9. Qe2 c5 10. O-O-O cxd4 11. Bxd4 Rc8 12. Kb1 O-O 13. g4 b5 14. Nd5 Nxd5 15. Bxg7 Nf4 16. Qe3 Kxg7 17. Qxf4 Rc5 18. Rd5 Nf6 19. Rg5 Qc7 20. Bd3 Rh8 21. Rxc5 Qxc5 22. g5 Nd7 23. Rh1 Rc8 24. Qd2 b4 25. Bxa6 Ra8 26. Bd3 Ne5 27. f4 Qa7 28. a3 bxa3 29. b3 Qd4 30. Ka2 Qb2# 0-1


[Site "https://www.chess.com"]

[Event "Titled Tuesday Blitz July 26 Late 2022"]
[White "Averjanov, Alexey"]
[Black "Thiel, Thomas"]
[WhiteFideId "14109867"]
[BlackFideId "4615964"]
[WhiteElo "2635"]
[BlackElo "2302"]
[Result "1/2-1/2"]
[Round "01"]
[TimeControl "180+1"]
[Date "2022.07.27"]
[WhiteClock "0:00:15"]
[BlackClock "0:00:58"]

1. d4 Nf6 2. c4 g6 3. Nc3 d5 4. cxd5 Nxd5 5. e4 Nxc3 6. bxc3 Bg7 7. Nf3 c5 8. Be3 Qa5 9. Qd2 Nc6 10. Rc1 cxd4 11. cxd4 Qxd2+ 12. Kxd2 O-O 13. d5 Rd8 14. Ke1 Na5 15. Bg5 Bd7 16. Bd3 Kf8 17. Bd2 b6 18. Ba6 Bc8 19. Bb5 Bd7 20. Ba6 Bc8 21. Bb5 Bd7 22. Bxd7 Rxd7 23. Bb4 f5 24. exf5 gxf5 25. Ke2 Nb7 26. Rhd1 Rad8 27. Ng5 Kg8 28. Ne6 Rb8 29. Nxg7 Kxg7 30. Rc6 Kf7 31. f4 Rbd8 32. h3 Nd6 33. Ke3 Ne4 34. Re6 Nf6 35. Re5 Nxd5+ 36. Rdxd5 Rxd5 37. Rxe7+ Kg6 38. Rxa7 Rd3+ 39. Kf2 R3d4 40. a3 Rxf4+ 41. Kg3 Re4 42. Rb7 Rd3+ 43. Kh2 Re6 44. Bf8 f4 45. Rg7+ Kf5 46. Rf7+ Ke4 47. Bb4 Rd5 48. Rxh7 f3 49. gxf3+ Kxf3 50. Rf7+ Ke4 51. Kg3 Rf5 52. Rxf5 Kxf5 53. h4 Re4 54. h5 Kg5 55. Kf3 Rc4 56. Ke3 Kxh5 57. Kd3 Rg4 58. Kc3 Kg6 59. a4 Kf5 60. a5 bxa5 61. Bxa5 Ra4 62. Bb4 Ke6 63. Kb3 Rxb4+ 64. Kxb4 1/2-1/2


[Site "https://www.chess.com"]

[Event "Titled Tuesday Blitz July 26 Late 2022"]
[White "Barp, Alberto"]
[Black "Gallana, Marco"]
[WhiteFideId "872555"]
[BlackFideId "824542"]
[WhiteElo "2229"]
[BlackElo "2290"]
[Result "1/2-1/2"]
[Round "01"]
[TimeControl "180+1"]
[Date "2022.07.27"]
[WhiteClock "0:01:25"]
[BlackClock "0:00:37"]

1. d4 Nf6 2. Nf3 g6 3. Bf4 Bg7 4. e3 O-O 5. h3 c5 6. Nbd2 b6 7. Bd3 Bb7 8. O-O d6 9. Qe2 Nc6 10. c3 Re8 11. Bh2 e5 12. dxe5 Nxe5 13. Nxe5 dxe5 14. Bc4 Qe7 15. Rfd1 Rad8 16. Nf3 Ne4 17. Rxd8 Rxd8 18. Rd1 Nd6 19. Bd5 Bxd5 20. Rxd5 f6 21. Qd1 Nf7 22. c4 Rxd5 23. Qxd5 Qd8 24. Nd2 Qxd5 25. cxd5 Nd6 26. f4 e4 27. Kf2 f5 28. b3 Kf7 29. Ke2 Ke7 30. Nc4 Nxc4 31. bxc4 Kd6 32. a4 a6 33. Kd1 b5 34. cxb5 axb5 35. axb5 Kxd5 36. Bg3 c4 37. Be1 Kc5 38. Kc2 Kxb5 39. g4 h5 40. gxh5 gxh5 41. Bd2 Kc5 42. Ba5 Kd5 43. Bb4 Bf6 44. Be1 Be7 45. Ba5 Bc5 46. Bd2 Bb6 47. Bc1 Ba5 48. Ba3 Kc6 49. Bc1 Kb5 50. Ba3 Ka4 51. Bc5 Bb4 52. Bd4 Ka3 53. Ba7 Ka2 54. Bd4 Ka3 55. Bb2+ Ka4 56. Bd4 Kb5 57. Bb2 Kc6 58. Be5 Kd5 59. Bb2 Ba5 60. Bc1 Kc5 61. Ba3+ Kb5 62. Bb2 Bb6 63. Bc1 Kb4 64. Bd2+ Ka4 65. Bc1 Bc5 66. Kc3 Kb5 67. Kc2 Bb4 68. Bb2 Kc5 69. Bd4+ Kd5 70. Bb2 Be7 71. Bc3 Bh4 72. Bd2 Bf2 73. Bc1 Kc5 74. Kc3 Kb5 75. Kc2 Kb4 76. Bd2+ Ka4 77. Bc1 Be1 78. Bb2 Kb4 79. Bf6 c3 80. Kd1 Bd2 81. Bd4 Kc4 82. Kc2 Kb4 83. Ba7 Kc4 84. Bd4 Be1 85. Ba7 Bd2 86. Bd4 1/2-1/2


[Site "https://www.chess.com"]

[Event "Titled Tuesday Blitz July 26 Late 2022"]
[White "Bartholomew, John"]
[Black "Bogaudinov, Rushan"]
[WhiteFideId "2019353"]
[BlackFideId "4129288"]
[WhiteElo "2751"]
[BlackElo "2010"]
[Result "1-0"]
[Round "01"]
[TimeControl "180+1"]
[Date "2022.07.27"]
[WhiteClock "0:00:22"]
[BlackClock "0:00:34"]

1. d4 d5 2. c4 c6 3. cxd5 cxd5 4. Nf3 e6 5. Nc3 Nc6 6. Bf4 a6 7. Rc1 Nf6 8. e3 Be7 9. Bd3 O-O 10. h3 Bd7 11. Ne5 Rc8 12. Bb1 Nxe5 13. dxe5 Ne8 14. Qd3 g6 15. Bh6 Ng7 16. h4 Bb5 17. Qd1 Re8 18. h5 Nf5 19. hxg6 hxg6 20. Bxf5 exf5 21. Nxb5 Rxc1 22. Qxc1 axb5 23. O-O Bg5 24. Bxg5 Qxg5 25. Qc7 Qe7 26. Qxe7 Rxe7 27. Rc1 Rxe5 28. Rc5 b4 29. Rb5 Re4 30. Rxd5 f4 31. Rd4 Re6 32. Rxf4 Rb6 33. b3 Kg7 34. g4 f6 35. Kg2 Kf7 36. g5 Ke6 37. Rxf6+ 1-0


[Site "https://www.chess.com"]

[Event "Titled Tuesday Blitz July 26 Late 2022"]
[White "Bordi, Kevin"]
[Black "Melikhov, Evgeny V."]
[WhiteFideId "621862"]
[BlackFideId "4122046"]
[WhiteElo "2837"]
[BlackElo "1995"]
[Result "1-0"]
[Round "01"]
[TimeControl "180+1"]
[Date "2022.07.26"]
[WhiteClock "0:02:33"]
[BlackClock "0:00:55"]

1. e4 e5 2. Nf3 Nc6 3. d4 exd4 4. Nxd4 Bc5 5. Be3 Qf6 6. c3 Nge7 7. g3 h5 8. Bg2 h4 9. f4 hxg3 10. hxg3 Rxh1+ 11. Bxh1 d6 12. b4 Bb6 13. Na3 Bd7 14. Nc4 O-O-O 15. a4 Rh8 16. Bg2 Rh2 17. Kf1 Bh3 18. Bxh3+ Rxh3 19. Qg4+ Kb8 20. Qxh3 Nxd4 21. Nxb6 axb6 22. Bxd4 Qg6 23. Re1 Nc6 24. a5 bxa5 25. Qh8+ 1-0


[Site "https://www.chess.com"]

[Event "Titled Tuesday Blitz July 26 Late 2022"]
[White "Bortnyk, Mykola"]
[Black "Malka, Samuel"]
[WhiteFideId "14120836"]
[BlackFideId "20643675"]
[WhiteElo "2582"]
[BlackElo "2504"]
[Result "1-0"]
[Round "01"]
[TimeControl "180+1"]
[Date "2022.07.26"]
[WhiteClock "0:00:16"]
[BlackClock "0:00:06"]

1. d4 Nf6 2. c4 g6 3. g3 Bg7 4. Bg2 O-O 5. Nc3 d6 6. e3 c5 7. Nge2 Nc6 8. O-O Bf5 9. d5 Ne5 10. b3 Qd7 11. e4 Bh3 12. f4 Bxg2 13. Kxg2 Neg4 14. h3 Nh6 15. Be3 e6 16. e5 Ne8 17. exd6 Nxd6 18. Bxc5 Nhf5 19. g4 b6 20. Bf2 Ne7 21. dxe6 Qxe6 22. Nd4 Qd7 23. Kh2 Rad8 24. Nde2 Qb7 25. Qc2 Nc6 26. Rad1 Nb4 27. Qb1 Rfe8 28. Bd4 Bxd4 29. Nxd4 Re3 30. Ndb5 Qc6 31. Qc1 Ree8 32. Nd4 Qc5 33. a3 Nc6 34. Nxc6 Qxc6 35. Nd5 Ne4 36. Ne7+ Rxe7 37. Rxd8+ Kg7 38. Qb2+ f6 39. Rd4 Nc5 40. b4 Ne6 41. Re1 Rc7 42. b5 1-0


[Site "https://www.chess.com"]

[Event "Titled Tuesday Blitz July 26 Late 2022"]
[White "Bortnyk, Olexandr"]
[Black "Kalavannan, Koby"]
[WhiteFideId "14120828"]
[BlackFideId "425753"]
[WhiteElo "2723"]
[BlackElo "1927"]
[Result "1-0"]
[Round "01"]
[TimeControl "180+1"]
[Date "2022.07.26"]
[WhiteClock "0:02:10"]
[BlackClock "0:00:36"]

1. d4 Nf6 2. Nc3 d5 3. Bf4 Bf5 4. e3 e6 5. Nf3 Bd6 6. Ne5 Nbd7 7. Bd3 Ne4 8. Bxe4 dxe4 9. g4 Bxe5 10. dxe5 Bg6 11. Qd4 Nb6 12. O-O-O Qe7 13. Nxe4 O-O 14. Bg5 Qe8 15. h4 Qc6 16. Nc3 Nd5 17. h5 Nxc3 18. Qxc3 Qxc3 19. bxc3 Be4 20. Rhg1 f6 21. exf6 gxf6 22. Bh4 Rf7 23. g5 fxg5 24. Rxg5+ Kf8 25. Rdg1 Ke8 26. Rg8+ Rf8 27. R1g7 1-0


[Site "https://www.chess.com"]

[Event "Titled Tuesday Blitz July 26 Late 2022"]
[White "Buchenau, Frank"]
[Black "Holt, Conrad"]
[WhiteFideId "4604350"]
[BlackFideId "2034387"]
[WhiteElo "2157"]
[BlackElo "2586"]
[Result "0-1"]
[Round "01"]
[TimeControl "180+1"]
[Date "2022.07.26"]
[WhiteClock "0:00:20"]
[BlackClock "0:00:35"]

1. e4 e6 2. Nf3 d5 3. Nc3 Nf6 4. e5 Nfd7 5. d4 c5 6. dxc5 Bxc5 7. Bd3 Nc6 8. Bf4 f6 9. exf6 Nxf6 10. O-O O-O 11. Ne5 Bd7 12. Qe2 Qe8 13. Rae1 Nh5 14. Bg5 Nxe5 15. Qxe5 Qf7 16. Be3 b6 17. g3 Nf6 18. Bxc5 bxc5 19. Qd6 c4 20. Be2 e5 21. Bf3 e4 22. Bg2 Rae8 23. Ne2 Re6 24. Qc5 Rb6 25. b3 cxb3 26. cxb3 Bb5 27. Qe3 Ng4 28. Qd4 Nxh2 29. Kxh2 Bxe2 30. Rxe2 Qh5+ 31. Kg1 Qxe2 32. Qxd5+ Kh8 33. Bxe4 Rbf6 34. f4 Rh6 35. Rf2 Qe1+ 36. Kg2 Qh1# 0-1


[Site "https://www.chess.com"]

[Event "Titled Tuesday Blitz July 26 Late 2022"]
[White "Cervantes Landeiro, Thalia"]
[Black "Sarana, Alexey"]
[WhiteFideId "3520498"]
[BlackFideId "24133795"]
[WhiteElo "2042"]
[BlackElo "2666"]
[Result "0-1"]
[Round "01"]
[TimeControl "180+1"]
[Date "2022.07.26"]
[WhiteClock "0:01:03"]
[BlackClock "0:01:42"]

1. d4 Nf6 2. c4 e6 3. Nf3 a6 4. g3 b5 5. cxb5 axb5 6. Bg2 Bb7 7. O-O Be7 8. Qb3 b4 9. Bd2 Bd5 10. Qd3 Be4 11. Qb3 Nc6 12. a3 Bxf3 13. Qxf3 O-O 14. Be3 d5 15. Rc1 Qd7 16. Qf4 Bd6 17. Qh4 bxa3 18. Nxa3 Ne7 19. Bg5 Nf5 20. Qh3 Ne4 21. e3 Nxg5 22. Qg4 f6 23. h4 Nf7 24. e4 dxe4 25. Bxe4 Ra5 26. Bc6 Qe7 27. d5 Ne5 28. Qe2 Nd4 0-1


[Site "https://www.chess.com"]

[Event "Titled Tuesday Blitz July 26 Late 2022"]
[White "Csonka, Balazs"]
[Black "Sivakumar, Shaashwath"]
[WhiteFideId "742910"]
[BlackFideId "30912156"]
[WhiteElo "2404"]
[BlackElo "1823"]
[Result "1-0"]
[Round "01"]
[TimeControl "180+1"]
[Date "2022.07.27"]
[WhiteClock "0:00:05"]
[BlackClock "0:00:02"]

1. e4 c5 2. Nc3 a6 3. Nge2 d6 4. d4 cxd4 5. Nxd4 Nf6 6. Rg1 g6 7. g4 Bg7 8. g5 Nfd7 9. Be3 Nc6 10. Qd2 O-O 11. O-O-O Nde5 12. Be2 Na5 13. b3 b5 14. f4 Nec6 15. h4 Bb7 16. h5 Rc8 17. hxg6 hxg6 18. Rh1 b4 19. Nd5 Nxd4 20. Bxd4 e5 21. Bb6 Qe8 22. Bxa5 Bxd5 23. exd5 exf4 24. Bxb4 Qe5 25. c3 Qxg5 26. Bc4 Rfe8 27. Rde1 Re3 28. Rxe3 fxe3 29. Qe2 a5 30. Bxa5 Ra8 31. Bb4 Rxa2 32. Qxa2 e2+ 33. Qd2 Qg2 34. Re1 Qg3 35. Rxe2 Qg1+ 36. Kc2 Bh6 37. Qd1 Qg5 38. Bd3 Qf6 39. Qg1 Bg7 40. Qd1 Qf4 41. Qd2 Qg4 42. c4 Bf6 43. Bc3 Bg5 44. Re8+ Kh7 45. Rh8# 1-0


[Site "https://www.chess.com"]

[Event "Titled Tuesday Blitz July 26 Late 2022"]
[White "D`Arruda, Ricardo D."]
[Black "Meshkovs, Nikita"]
[WhiteFideId "100692"]
[BlackFideId "11602740"]
[WhiteElo "2416"]
[BlackElo "2506"]
[Result "0-1"]
[Round "01"]
[TimeControl "180+1"]
[Date "2022.07.27"]
[WhiteClock "0:01:19"]
[BlackClock "0:00:31"]

1. d4 Nf6 2. Nf3 e6 3. g3 b5 4. Bg2 Bb7 5. O-O d5 6. Bf4 Bd6 7. Bxd6 Qxd6 8. Nbd2 Nbd7 9. c3 O-O 10. a4 a6 11. Qb3 Bc6 12. axb5 axb5 13. Qc2 h6 14. e3 Ra4 15. b3 Ra3 16. Qb2 Rfa8 17. Rxa3 Qxa3 18. Qxa3 Rxa3 19. Rb1 Ra2 20. Bf1 g5 21. h3 h5 22. Rd1 g4 23. hxg4 hxg4 24. Nh2 Rc2 25. Be2 Rxc3 26. Nxg4 Nxg4 27. Bxg4 Rc2 28. Be2 Kf8 29. Kf1 Ke7 30. Ke1 Nf6 31. Bd3 Rc3 32. Ke2 Ne4 33. Bxe4 dxe4 34. Rb1 b4 35. Kd1 f5 36. Rc1 Rxc1+ 37. Kxc1 Kf6 38. Nc4 Bd5 39. Kc2 Bxc4 40. bxc4 Kg5 41. Kb3 Kg4 42. Kxb4 Kf3 43. Kc5 Kxf2 44. Kc6 Kxe3 45. Kxc7 Kxd4 0-1


[Site "https://www.chess.com"]

[Event "Titled Tuesday Blitz July 26 Late 2022"]
[White "Di Nicolantonio, Lucas"]
[Black "Xiong, Jeffery"]
[WhiteFideId "680460"]
[BlackFideId "2047640"]
[WhiteElo "2381"]
[BlackElo "2714"]
[Result "0-1"]
[Round "01"]
[TimeControl "180+1"]
[Date "2022.07.26"]
[WhiteClock "0:00:04"]
[BlackClock "0:01:31"]

1. Nf3 c5 2. c4 Nf6 3. Nc3 d5 4. cxd5 Nxd5 5. e4 Nb4 6. Bc4 Nd3+ 7. Ke2 Nf4+ 8. Kf1 Ne6 9. d3 Nc6 10. h4 h5 11. Be3 Ned4 12. Ng5 e6 13. Rh3 Ne5 14. Rg3 Bd6 15. Nb5 Nxc4 16. dxc4 Bxg3 17. Bxd4 cxd4 18. Qf3 f6 19. Qxg3 e5 20. Ne6 Bxe6 21. Qxg7 Bxc4+ 22. Kg1 Bxb5 23. Qxh8+ Kd7 24. Qxh5 Rc8 25. Qf7+ Kc6 26. h5 Kb6 27. a4 Bc4 28. a5+ Ka6 29. Qg7 Qd6 30. h6 Rg8 31. Qh7 Be6 32. Rc1 d3 33. b4 d2 34. b5+ Kxa5 35. Ra1+ Kb6 36. Rd1 Qc5 37. Rxd2 Qc1+ 38. Rd1 Qxd1+ 0-1


[Site "https://www.chess.com"]

[Event "Titled Tuesday Blitz July 26 Late 2022"]
[White "Djordjevic, Vuk"]
[Black "Ovchinnikov, Vsevolod"]
[WhiteFideId "902098"]
[BlackFideId "24176842"]
[WhiteElo "2456"]
[BlackElo "2376"]
[Result "1-0"]
[Round "01"]
[TimeControl "180+1"]
[Date "2022.07.27"]
[WhiteClock "0:01:04"]
[BlackClock "0:00:10"]

1. d4 Nf6 2. Bg5 Ne4 3. Bf4 c5 4. f3 Qa5+ 5. c3 Nf6 6. d5 Qb6 7. Bc1 e6 8. e4 exd5 9. exd5 Be7 10. Na3 d6 11. Nc4 Qc7 12. a4 O-O 13. g4 Re8 14. Kf2 b6 15. Ne3 Bf8 16. h4 Ba6 17. c4 Bc8 18. h5 Na6 19. g5 Nd7 20. f4 Nb4 21. b3 a6 22. h6 g6 23. Bb2 Bb7 24. Qd2 f6 25. gxf6 b5 26. Nf3 bxc4 27. bxc4 Nxf6 28. Bxf6 Qf7 29. Qc3 Be7 30. Ng4 Rf8 31. Bxe7 Qxe7 32. Re1 Qf7 33. Qg7+ Qxg7 34. hxg7 Kxg7 35. Re7+ Rf7 36. Rxh7+ Kxh7 37. Ng5+ Kg8 1-0


[Site "https://www.chess.com"]

[Event "Titled Tuesday Blitz July 26 Late 2022"]
[White "Estrada Nieto, Julian"]
[Black "Steinberg, Nitzan"]
[WhiteFideId "5101018"]
[BlackFideId "2801795"]
[WhiteElo "2252"]
[BlackElo "2471"]
[Result "0-1"]
[Round "01"]
[TimeControl "180+1"]
[Date "2022.07.26"]
[WhiteClock "0:00:09"]
[BlackClock "0:01:25"]

1. e4 c5 2. Nf3 e6 3. c3 Nf6 4. e5 Nd5 5. Bc4 d6 6. d4 cxd4 7. cxd4 Be7 8. O-O O-O 9. Qe2 b6 10. Bxd5 exd5 11. Rd1 Re8 12. Nc3 Bb7 13. Bf4 Bf8 14. Qd3 h6 15. Rac1 Na6 16. a3 Qd7 17. Bg3 Nc7 18. exd6 Bxd6 19. Ne5 Bxe5 20. Bxe5 Ne6 21. Re1 Rac8 22. Ne2 f6 23. Bg3 Ng5 24. Nf4 Ne4 25. f3 Nd6 26. Nh5 Qf5 27. Qxf5 Nxf5 28. Bf2 Rxe1+ 29. Rxe1 Kf7 30. g4 Nd6 31. Bg3 Nb5 32. Bf2 Ba6 33. a4 Nd6 34. Bg3 Nc4 35. b3 Nd2 36. Kf2 Rc2 37. Ke3 Nf1+ 38. Kf4 g5+ 0-1


[Site "https://www.chess.com"]

[Event "Titled Tuesday Blitz July 26 Late 2022"]
[White "Fieberg, Samuel"]
[Black "Alexiadis, Hristos"]
[WhiteFideId "12901717"]
[BlackFideId "4249623"]
[WhiteElo "2401"]
[BlackElo "2416"]
[Result "1-0"]
[Round "01"]
[TimeControl "180+1"]
[Date "2022.07.27"]
[WhiteClock "0:00:09"]
[BlackClock "0:00:04"]

1. d4 Nf6 2. Nc3 d5 3. Bf4 g6 4. Nb5 Na6 5. e3 c6 6. Nc3 Nc7 7. Nf3 Bg7 8. h3 O-O 9. Be2 Re8 10. O-O Nd7 11. e4 dxe4 12. Nxe4 Nf6 13. Nxf6+ exf6 14. c3 Be6 15. Re1 Nd5 16. Bg3 b5 17. a4 a6 18. axb5 axb5 19. Rxa8 Qxa8 20. Qa1 Qb7 21. Bf1 Bh6 22. Qd1 Rd8 23. Nh2 Nb6 24. Ng4 Bg7 25. Qf3 f5 26. Ne5 Bd5 27. Qe3 Nc4 28. Nxc4 bxc4 29. Qe7 Qxe7 30. Rxe7 Bf6 31. Ra7 Re8 32. Ra1 g5 33. f4 h6 34. Kf2 Rb8 35. Ra2 Rb7 36. fxg5 hxg5 37. Bd6 Kg7 38. Be2 Rb3 39. Bf3 Bxf3 40. gxf3 f4 41. Ba3 Kg6 42. Ra1 Kf5 43. Re1 Rb8 44. Kg2 Rd8 45. Bc5 Rb8 46. Ba3 Rb7 47. Kf2 Rd7 48. Re2 Rd8 49. Re1 Rh8 50. Kg2 Rd8 51. Re4 Rd7 52. Bc5 Rb7 53. Re2 Rb5 54. Ba3 Rb7 55. Re8 Rd7 56. Kf2 c5 57. Bxc5 Rb7 58. Ba3 Rc7 59. Re4 Rd7 60. Ke2 Rd5 61. Re8 Bd8 62. Rf8 f6 63. Re8 Rd7 64. Kf2 Bc7 65. Rc8 Rh7 66. Kg2 Rd7 67. Bc5 Rh7 68. Re8 Rd7 69. Re4 Bd6 70. Bxd6 Rxd6 71. d5 1-0


[Site "https://www.chess.com"]

[Event "Titled Tuesday Blitz July 26 Late 2022"]
[White "Golubev, Mikhail"]
[Black "Andreikin, Dmitry"]
[WhiteFideId "14100983"]
[BlackFideId "4158814"]
[WhiteElo "2374"]
[BlackElo "2736"]
[Result "0-1"]
[Round "01"]
[TimeControl "180+1"]
[Date "2022.07.26"]
[WhiteClock "0:00:49"]
[BlackClock "0:02:12"]

1. e4 c5 2. Nf3 e6 3. d4 cxd4 4. Nxd4 Nc6 5. Nc3 a6 6. Be3 Nf6 7. Bd3 Qc7 8. O-O Bd6 9. f4 Bc5 10. Nf5 Bxe3+ 11. Nxe3 d6 12. Qd2 O-O 13. a3 b5 14. Rae1 Bb7 15. g4 Rad8 16. g5 Nd7 17. b4 Nb6 18. Ng4 Nd4 19. f5 exf5 20. exf5 Nc4 21. Qf4 Qb6 0-1


[Site "https://www.chess.com"]

[Event "Titled Tuesday Blitz July 26 Late 2022"]
[White "Gonzalez Vega, Alejandro"]
[Black "Arencibia Monduy, Antonio"]
[WhiteFideId "3510042"]
[BlackFideId "3507939"]
[WhiteElo "2235"]
[BlackElo "2598"]
[Result "1-0"]
[Round "01"]
[TimeControl "180+1"]
[Date "2022.07.27"]
[WhiteClock "0:00:03"]
[BlackClock "0:00:01"]

1. e4 e6 2. Nf3 d5 3. e5 c5 4. b4 c4 5. c3 f5 6. d3 cxd3 7. Bxd3 Qc7 8. O-O Nc6 9. Re1 Nge7 10. b5 Na5 11. Qe2 Ng6 12. h4 Be7 13. h5 Nf8 14. Bd2 Bd7 15. Nd4 O-O-O 16. a4 Be8 17. Na3 Bf7 18. b6 Qxb6 19. Rab1 Qc5 20. Nac2 Nc4 21. Rb5 Qc7 22. Bxc4 Qxc4 23. Qxc4+ dxc4 24. a5 Nd7 25. f4 Nc5 26. Reb1 Rd7 27. Be3 Ne4 28. Bd2 a6 29. Rb6 Bc5 30. Be1 Bxb6 31. Rxb6 Re8 32. Ne3 Rc7 33. h6 gxh6 34. g4 Rg8 35. Kh2 fxg4 36. f5 exf5 37. e6 Be8 38. Nexf5 Bg6 39. Nd6+ Nxd6 40. Rxd6 Re8 41. Bg3 Rce7 42. Rb6 Rc7 43. Bxc7 Kxc7 44. Kg3 h5 45. Kh4 Rf8 46. Rb2 Be4 47. Re2 Bf3 48. Re5 Bc6 49. Rg5 Re8 50. Kxh5 Kd6 51. Kxg4 Bd5 52. Rg7 Bxe6+ 53. Nxe6 Rxe6 54. Rxb7 1-0


[Site "https://www.chess.com"]

[Event "Titled Tuesday Blitz July 26 Late 2022"]
[White "Grigoriants, Sergey"]
[Black "Skatchkov, Valery"]
[WhiteFideId "4130804"]
[BlackFideId "24195812"]
[WhiteElo "2502"]
[BlackElo "2242"]
[Result "1-0"]
[Round "01"]
[TimeControl "180+1"]
[Date "2022.07.26"]
[WhiteClock "0:00:35"]
[BlackClock "0:00:11"]

1. e4 e5 2. Nf3 d5 3. Nxe5 Bd6 4. d4 dxe4 5. Bc4 Bxe5 6. dxe5 Qxd1+ 7. Kxd1 Nc6 8. Bf4 Nge7 9. Re1 Bf5 10. Nd2 Ng6 11. Bg3 Ncxe5 12. Bb3 O-O-O 13. Kc1 Rd4 14. f3 exf3 15. Bxe5 f2 16. Re3 Nxe5 17. Rxe5 Rhd8 18. Rxf5 Rxd2 19. c3 Re2 20. Rb1 g6 21. Rxf7 Kb8 22. Bc4 Re1+ 23. Kc2 Re4 24. Bd3 Re3 25. Rd1 1-0


[Site "https://www.chess.com"]

[Event "Titled Tuesday Blitz July 26 Late 2022"]
[White "Grigorov, Grigor"]
[Black "Wachinger, Guenther"]
[WhiteFideId "2907313"]
[BlackFideId "4604261"]
[WhiteElo "2510"]
[BlackElo "2212"]
[Result "1-0"]
[Round "01"]
[TimeControl "180+1"]
[Date "2022.07.26"]
[WhiteClock "0:00:05"]
[BlackClock "0:00:02"]

1. d4 d5 2. c4 e6 3. Nf3 c6 4. g3 Nf6 5. Bg2 Be7 6. O-O O-O 7. Qc2 b6 8. Nbd2 Bb7 9. Rd1 Nbd7 10. e4 dxc4 11. Nxc4 c5 12. Ng5 h6 13. d5 exd5 14. exd5 hxg5 15. d6 Bxg2 16. Kxg2 Bxd6 17. Nxd6 g4 18. Bg5 Qc7 19. Qf5 Qc6+ 20. Kg1 Qf3 21. Qxf3 gxf3 22. Rd3 Ne5 23. Re3 Rad8 24. Ne4 Neg4 25. Ree1 Nxe4 26. Rxe4 f5 27. Rf4 Rd3 28. Re1 Nh6 29. Bxh6 gxh6 30. h4 Rd2 31. Rxf3 Rxb2 32. Re7 Rxa2 33. Rd3 Rf7 34. Re6 Kg7 35. Rdd6 f4 36. g4 f3 37. Rg6+ Kf8 38. Rxh6 Rf4 39. Rhf6+ Rxf6 40. Rxf6+ Ke7 41. Rxf3 c4 42. h5 Rd2 43. h6 Rd8 44. g5 b5 45. g6 b4 46. g7 c3 47. h7 c2 48. g8=Q c1=Q+ 49. Kg2 Rf8 50. Qxf8+ Kd7 51. Qf7+ Kc6 52. h8=Q Qg5+ 53. Rg3 Qd5+ 54. Qf3 Qxf3+ 55. Rxf3 1-0


[Site "https://www.chess.com"]

[Event "Titled Tuesday Blitz July 26 Late 2022"]
[White "Grischuk, Alexander"]
[Black "Omariev, Maksim"]
[WhiteFideId "4126025"]
[BlackFideId "4193423"]
[WhiteElo "2762"]
[BlackElo "2513"]
[Result "1-0"]
[Round "01"]
[TimeControl "180+1"]
[Date "2022.07.26"]
[WhiteClock "0:00:45"]
[BlackClock "0:00:03"]

1. d4 d5 2. Nf3 Nf6 3. Bf4 c5 4. e3 Nc6 5. Nbd2 cxd4 6. exd4 Bf5 7. Bb5 Rc8 8. Ne5 Qb6 9. Bxc6+ bxc6 10. Nb3 e6 11. g4 Be4 12. f3 Bg6 13. h4 h6 14. Nxg6 fxg6 15. Qd3 Kf7 16. h5 g5 17. Be5 Be7 18. Qg6+ Kg8 19. O-O Qd8 20. Rae1 Qe8 21. Qd3 Kf7 22. Qg6+ Kg8 23. Bxf6 Bxf6 24. c3 Kf8 25. Nc5 e5 26. dxe5 Qxg6 27. hxg6 Be7 28. Ne6+ Kg8 29. f4 gxf4 30. Rxf4 Re8 31. Rf7 Bf8 32. Ref1 1-0


[Site "https://www.chess.com"]

[Event "Titled Tuesday Blitz July 26 Late 2022"]
[White "Haitin, Ilja"]
[Black "Makarian, Rudik"]
[WhiteFideId "4501764"]
[BlackFideId "44105681"]
[WhiteElo "2209"]
[BlackElo "2403"]
[Result "1/2-1/2"]
[Round "01"]
[TimeControl "180+1"]
[Date "2022.07.27"]
[WhiteClock "0:00:16"]
[BlackClock "0:00:11"]

1. d4 Nf6 2. Nf3 c5 3. c3 g6 4. Bg5 Bg7 5. Nbd2 b6 6. dxc5 bxc5 7. e4 O-O 8. Bd3 d6 9. O-O Nc6 10. h3 Rb8 11. Rb1 Be6 12. Bxf6 Bxf6 13. Bc4 Qc8 14. Qe2 Na5 15. Bxe6 Qxe6 16. b4 cxb4 17. cxb4 Nc6 18. b5 Nd4 19. Nxd4 Bxd4 20. Qc4 Bc5 21. Qxe6 fxe6 22. a4 Rbc8 23. Nf3 Bb6 24. Rfc1 e5 25. Kf1 h6 26. Ke2 Kf7 27. Ne1 Ke6 28. f3 h5 29. Nd3 g5 30. Rxc8 Rxc8 31. Rc1 Rg8 32. Nb4 g4 33. hxg4 hxg4 34. Rh1 gxf3+ 35. gxf3 Rg2+ 36. Kd3 Rf2 37. Rh3 Kd7 38. Nd5 Bc5 39. a5 Ra2 40. b6 axb6 41. axb6 Rb2 42. Rh7 Bxb6 43. Rxe7+ Kc6 44. Rf7 Bd8 45. Kc4 Rc2+ 46. Kd3 Ra2 47. Kc4 Ra4+ 48. Kb3 Rd4 49. Kc3 Ba5+ 50. Kb3 Rd1 51. Rf8 Kc5 52. Rf7 Rb1+ 53. Kc2 Rf1 54. Kd3 Ra1 55. Rf8 Ra3+ 56. Kc2 Kd4 57. Kb2 Rd3 58. Kc2 Rd2+ 59. Kb3 Rf2 60. Ka4 Bd2 61. Kb5 Bc1 62. Kc6 Ba3 63. Kd7 Bc5 64. Ke6 Kd3 65. Rf7 Kd4 66. Rf8 Rh2 67. Rf7 Rh6+ 68. Kd7 Rh4 69. Ke6 Kd3 70. Rf8 Kd4 71. Rf7 Rh1 72. Rf8 Ra1 73. Rf7 Kd3 74. Rf8 Rh1 75. Rf7 Re1 76. Rf8 Ke2 77. Nc3+ Ke3 78. Nd5+ Kd4 79. Rf7 Rh1 80. Rf8 Ba3 81. Rf7 Rh6+ 82. Rf6 Rh8 83. Rf7 Bc5 84. Kd7 Kd3 85. Ke6 Ke2 86. Nc3+ Kf2 87. Nd5 Rh3 88. Rf8 Rxf3 89. Rxf3+ Kxf3 90. Kf5 Bd4 91. Ne7 Bc3 92. Nd5 Bd4 93. Nf6 Kg3 94. Ke6 Kf4 95. Kxd6 Ba1 96. Kd5 Bb2 97. Nd7 Ba1 98. Nc5 Ke3 99. Ne6 Bb2 100. Ng5 Kf4 101. Nf7 Ba1 102. Nd8 Bb2 103. Ne6+ Ke3 104. Nf8 Ba1 105. Ng6 Bb2 106. Nxe5 Ba1 107. Nc4+ Kf4 108. Nb6 Bb2 109. Nd7 Ba1 110. Nc5 Kg5 111. Ne6+ Kf6 112. Kd6 Be5+ 113. Kd5 Ba1 114. Nf4 Ke7 115. Nd3 Bc3 116. Nc5 Ba1 117. Nb3 Bb2 118. Nd4 Bxd4 119. Kxd4 Kd6 120. e5+ Ke6 121. Ke4 Ke7 122. Kd5 Kd7 123. e6+ Ke7 124. Ke5 Ke8 125. Kf5 Ke7 126. Ke5 Ke8 127. Kd6 Kd8 128. Kc6 Ke7 129. Kd5 Ke8 130. Ke5 Ke7 131. Kf5 Ke8 132. Kf6 Kf8 133. Kg5 Ke7 134. Kf5 Ke8 135. Ke5 Ke7 136. Kd5 Ke8 137. Kd6 Kd8 138. Ke5 Ke7 1/2-1/2


[Site "https://www.chess.com"]